 Dungeon Crawl Stone Soup version 0.23.2-40-g277498a001 (webtiles) character file.

Game seed: 9923765328187323797

12219 Exodus22XD the Covert (level 11, -4/54 HPs)
             Began as a Deep Elf Wizard on Sept 13, 2019.
             Was an Elder of Vehumet.
             Slain by a spiny frog (21 damage)
             ... on level 2 of the Lair of Beasts.
             The game lasted 01:29:11 (14477 turns).

Exodus22XD the Covert (Deep Elf Wizard)            Turns: 14477, Time: 01:29:11

Health: -4/54      AC:  9    Str:  4    XL:     11   Next: 59%
Magic:  11/27      EV: 15    Int: 27    God:    Vehumet [****..]
Gold:   627        SH:  0    Dex: 13    Spells: 14/31 levels left

rFire    . . .     SeeInvis +   B - +1 dagger (elec)
rCold    . . .     Gourm    .   (no shield)
rNeg     . . .     Faith    .   a - +0 robe
rPois    .         Spirit   .   E - +2 hat {SInv}
rElec    .         Reflect  .   u - +0 cloak
rCorr    .         Harm     .   (no gloves)
MR       +....                  (no boots)
Stlth    ++++++....             H - amulet of regeneration
HPRegen  0.58/turn              v - +2 ring of evasion
MPRegen  0.20/turn              g - +4 ring of protection

@: studying Stealth
A: no striking features
a: Renounce Religion


You were on level 2 of the Lair of Beasts.
You worshipped Vehumet.
Vehumet was greatly pleased with you.
You were hungry.

You visited 3 branches of the dungeon, and saw 13 of its levels.
You also visited: Ossuary.

You collected 627 gold pieces.

Inventory:

Hand Weapons
 B - a +1 dagger of electrocution (weapon)
Armour
 a - a +0 robe (worn)
 i - a scarf of resistance
 u - a +0 cloak (worn)
 E - a +2 hat of see invisible (worn)
Magical Staves
 o - an uncursed staff of death
Jewellery
 g - a +4 ring of protection (right hand)
 v - a +2 ring of evasion (left hand)
 H - an amulet of regeneration (around neck)
Wands
 j - a wand of clouds (7)
 s - a wand of acid (6)
 w - a wand of random effects (10)
 y - a wand of polymorph (2)
Scrolls
 c - 6 scrolls of remove curse
 h - 4 scrolls of teleportation
 k - a scroll of magic mapping
 r - 3 scrolls of amnesia
 A - 2 scrolls of fog
 C - 3 scrolls of immolation
 D - a scroll of enchant weapon
Potions
 e - 2 potions of lignification
 l - a potion of brilliance
 m - 2 potions of invisibility
 n - 4 potions of flight
 p - a potion of magic {unknown}
 q - 9 potions of curing
 t - a potion of ambrosia {unknown}
 x - 4 potions of haste
 z - 3 potions of mutation {unknown}
 G - 2 potions of heal wounds
Books
 F - a manual of Stealth
Comestibles
 b - 5 chunks of flesh
 d - 7 rations


   Skills:
 - Level 0.4 Short Blades
 - Level 2.4 Dodging
 - Level 14.1 Stealth
 - Level 10.6 Spellcasting
 * Level 12.6 Conjurations
 - Level 8.3 Summonings
 - Level 1.1 Translocations
 - Level 5.3 Fire Magic
 - Level 3.0 Poison Magic


You had 14 spell levels left.
You knew the following spells:

 Your Spells              Type           Power        Failure   Level  Hunger
a - Magic Dart            Conj           ####         0%          1    None
b - Call Imp              Summ           ######..     1%          2    None
c - Blink                 Tloc           N/A          3%          2    None
d - Conjure Flame         Conj/Fire      ######..     1%          3    None
e - Mephitic Cloud        Conj/Pois/Air  #####...     1%          3    None
f - Poison Arrow          Conj/Pois      ######....   7%          6    #####..

Your spell library contained the following spells:

 Spells                   Type           Power        Failure   Level  Hunger
 Iskenderun's Mystic Bla  Conj           ######..     1%          4    None
 Slow                     Hex            ##......     6%          2    None
 Chain Lightning          Conj/Air       #####.....   99%         8    #######
 Lehudib's Crystal Spear  Conj/Erth      #####.....   99%         8    #######
 Fire Storm               Conj/Fire      ######....   100%        9    #######
 Glaciate                 Conj/Ice       #####.....   100%        9    #######


Dungeon Overview and Level Annotations

Branches:
Dungeon (10/15)            Temple (1/1) D:6            Lair (2/6) D:10
    Orc (0/2) D:10
  Swamp: Lair:2-4    Shoals: Lair:2-4     Snake: Lair:2-4    Spider: Lair:2-4

Altars:
Ashenzari
Cheibriados
Dithmenos
Elyvilon
Fedhas
Gozag
Hepliaklqana
Kikubaaqudgha
Makhleb
Nemelex Xobeh
Okawaru
Qazlal
Ru
Sif Muna
Trog
Uskayaw
Vehumet
Wu Jian
Xom
Yredelemnul
Zin
The Shining One

Shops:
D:6 (

Annotations:
D:8 1 runed translucent door, Drevant2's ghost, novice DrAE


Message History

The spiny frog is severely wounded.
You feel sick. The spiny frog closely misses you. The spiny frog stings you!
You are lethally poisoned!
The spiny frog poisons you!
You feel better. The spiny frog misses you.
Casting: Poison Arrow (slightly dangerous; 7% risk of failure)
Confirm with . or Enter, or press ? or * to list all spells.
Aiming: Poison Arrow (slightly dangerous; 7% risk of failure)
Press: ? - help, Shift-Dir - straight line, f - crocodile, p - spiny frog
Aim: a crocodile The poison arrow hits the crocodile!!
The crocodile looks as sick as possible!
You kill the crocodile!
Vehumet accepts your kill.
You feel your power returning.
You are feeling hungry.
The spiny frog stings you!!
* * * LOW HITPOINT WARNING * * *
You feel better. The spiny frog stings you!!
You die...

##
##......###
#
#P.........
.(..
#P.........
....
?.........
.....
#.........
.!...
##.........
.....
#...F......
....
#.@......#
#......###
#......#
#......#
#......#
P....!.#
#......P
#......##


You could see a spiny frog.

Vanquished Creatures
  Gastronok (Lair:1)
  2 two-headed ogres
  An ugly thing (D:7)
  3 elephants (Lair:1)
  3 blink frogs (Lair:2)
  3 hippogriffs
  12 yaks
  A steam dragon (D:10)
  Menkaure (D:5)
  A water moccasin (Lair:1)
  A porcupine (Lair:2)
  An ice beast (D:8)
  3 orc warriors
  A sky beast (D:9)
  A phantom (D:6)
  A necrophage (D:10)
  5 ogres
  5 centaurs
  4 crocodiles
  5 bullfrogs
  A gnoll sergeant (D:10)
  A wyvern skeleton (D:6)
  2 scorpions
  3 water moccasin zombies (Ossuary)
  3 wights
  5 howler monkeys
  2 electric eels (D:8)
  5 crimson imps
  A quasit (D:9)
  A bullfrog zombie (D:8)
  4 jellies
  11 orc priests
  7 hounds
  7 orc wizards
  3 bullfrog skeletons
  2 centaur skeletons (D:5)
  An iguana (D:7)
  8 worker ants
  3 big kobold zombies (Ossuary)
  A hound zombie (D:9)
  A hound skeleton (D:5)
  2 mummies (Ossuary)
  13 gnolls
  13 adders
  A river rat (D:4)
  4 adder skeletons
  3 adder zombies (Ossuary)
  2 worms (D:4)
  A dart slug (D:3)
  9 leopard geckos
  24 orcs
  4 bats
  7 giant cockroaches
  4 goblins
  3 hobgoblins
  7 jackals
  6 quokkas
  4 frilled lizards
  2 gnoll zombies (Ossuary)
  8 hobgoblin zombies (Ossuary)
  11 kobolds
  3 kobold zombies (Ossuary)
  4 orc zombies (Ossuary)
  A quokka zombie (D:8)
  9 rats
272 creatures vanquished.

Vanquished Creatures (collateral kills)
  2 blink frogs (Lair:2)
  A water moccasin (Lair:1)
  A worm (D:4)
4 creatures vanquished.

Vanquished Creatures (others)
  3 fungi
3 creatures vanquished.

Grand Total: 279 creatures vanquished

Notes
Turn   | Place    | Note
-------+----------+-------------------------------------------
     0 | D:1      | Exodus22XD the Deep Elf Wizard began the quest for the Orb.
     0 | D:1      | Reached XP level 1. HP: 10/10 MP: 7/7
   237 | D:1      | Reached XP level 2. HP: 15/15 MP: 3/9
   931 | D:1      | Reached XP level 3. HP: 16/19 MP: 3/10
  1278 | D:2      | Found an opulent altar of Gozag.
  1949 | D:3      | Reached XP level 4. HP: 24/24 MP: 6/12
  2163 | D:3      | Reached skill level 5 in Conjurations
  2386 | D:3      | Learned a level 2 spell: Call Imp
  2389 | D:3      | Learned a level 2 spell: Blink
  2393 | D:3      | Learned a level 3 spell: Conjure Flame
  2397 | D:3      | Learned a level 3 spell: Mephitic Cloud
  2694 | D:3      | Reached XP level 5. HP: 28/28 MP: 8/13
  3259 | D:4      | Reached XP level 6. HP: 14/32 MP: 0/14
  3350 | D:4      | Reached skill level 1 in Fire Magic
  4155 | D:5      | Entered Level 5 of the Dungeon
  4538 | D:5      | Reached XP level 7. HP: 20/36 MP: 6/15
  4616 | D:5      | Noticed Menkaure
  4766 | D:5      | Killed Menkaure
  4766 | D:5      | Reached skill level 5 in Fire Magic
  5340 | D:6      | Found Lura's Weapon Shoppe.
  5974 | D:6      | Reached XP level 8. HP: 41/41 MP: 6/16
  6253 | D:6      | Found a staircase to the Ecumenical Temple.
  6468 | Temple   | Entered the Ecumenical Temple
  6562 | Temple   | Became a worshipper of Vehumet
  6648 | D:7      | HP: 1/41 [centaur/arrow (15)]
  6856 | D:7      | Found a sand-covered staircase.
  6952 | Ossuary  | Entered an ossuary
  6996 | Ossuary  | Reached * piety under Vehumet
  6996 | Ossuary  | Offered knowledge of Flame Tongue by Vehumet.
  7016 | Ossuary  | Reached skill level 10 in Conjurations
  7663 | D:7      | Noticed a cyan ugly thing
  7683 | D:7      | Killed a cyan ugly thing
  7683 | D:7      | Reached XP level 9. HP: 44/45 MP: 5/21
  8018 | D:6      | Reached skill level 3 in Stealth
  8054 | D:6      | Reached ** piety under Vehumet
  8054 | D:6      | Offered knowledge of Throw Frost by Vehumet.
  8054 | D:6      | Reached skill level 4 in Stealth
  8104 | D:6      | Reached skill level 5 in Stealth
  8188 | D:6      | Reached skill level 6 in Stealth
  8373 | D:8      | Reached skill level 7 in Stealth
  8388 | D:8      | Noticed a two-headed ogre
  8586 | D:8      | Reached skill level 8 in Stealth
  8892 | D:7      | Reached skill level 9 in Stealth
  9063 | D:8      | Found a runed translucent door.
  9064 | D:8      | Found a shimmering altar of Xom.
  9064 | D:8      | Noticed Drevant2's ghost (novice DrAE)
  9064 | D:8      | Noticed a +2 mace of chaos
  9234 | D:8      | Reached skill level 10 in Stealth
  9269 | D:8      | Reached skill level 11 in Stealth
  9448 | D:8      | Reached skill level 12 in Stealth
  9547 | D:8      | Killed a two-headed ogre
  9547 | D:8      | Reached skill level 13 in Stealth
  9547 | D:8      | Reached XP level 10. HP: 31/50 MP: 11/23
  9903 | D:8      | Offered knowledge of Dazzling Spray by Vehumet.
  9980 | D:8      | Reached skill level 14 in Stealth
 10082 | D:9      | Reached *** piety under Vehumet
 10087 | D:9      | Reached skill level 10 in Spellcasting
 10665 | D:9      | Offered knowledge of Sticky Flame by Vehumet.
 10932 | D:10     | Entered Level 10 of the Dungeon
 11199 | D:10     | Noticed Joseph
 11447 | D:10     | Noticed a gargoyle
 11669 | D:10     | Found a staircase to the Orcish Mines.
 11702 | D:10     | Found a staircase to the Lair.
 11730 | D:10     | Found a sacrificial altar of Ru.
 12325 | D:10     | Noticed a two-headed ogre
 12359 | Lair:1   | Entered Level 1 of the Lair of Beasts
 12426 | Lair:1   | Noticed Gastronok
 12426 | Lair:1   | Noticed an elephant
 12426 | Lair:1   | Noticed an elephant
 12891 | Lair:2   | Noticed a spiny frog
 13047 | Lair:2   | Reached XP level 11. HP: 45/54 MP: 14/27
 13053 | Lair:2   | Reached skill level 5 in Summonings
 13554 | Lair:1   | Learned a level 6 spell: Poison Arrow
 13642 | D:10     | Killed a two-headed ogre
 13642 | D:10     | Reached **** piety under Vehumet
 13862 | D:10     | Offered knowledge of Iskenderun's Mystic Blast by Vehumet.
 14201 | Lair:1   | Killed Gastronok
 14477 | Lair:2   | Slain by a spiny frog

Skill      XL: |  1  2  3  4  5  6  7  8  9 10 11 |
---------------+----------------------------------+-----
Conjurations   | 2 3 4 5 7 10 12 | 12.6
Summonings     | 4 8 |  8.3
Fire Magic     | 4 5 |  5.3
Spellcasting   | 6 7 10 | 10.6
Stealth        | 13 14 | 14.1
Poison Magic   | 3 |  3.0
Short Blades   | |  0.4
Dodging        | |  2.4
Translocations | |  1.1

Action                   |  1- 3 |  4- 6 |  7- 9 | 10-12 || total
-------------------------+-------+-------+-------+-------++-------
Melee: Dagger            |     3 |     2 |    11 |     4 ||    20
 Cast: Magic Dart        |    96 |   185 |   326 |   375 ||   982
       Conjure Flame     |       |     3 |    38 |    18 ||    59
       Mephitic Cloud    |       |     2 |    16 |    23 ||    41
       Call Imp          |       |     1 |     5 |    13 ||    19
       Blink             |       |       |     2 |     6 ||     8
       Poison Arrow      |       |       |       |    19 ||    19
Evoke: Wand              |       |       |    16 |    12 ||    28
  Use: Potion            |     2 |       |     1 |     2 ||     5
       Scroll            |       |       |    14 |     8 ||    22
 Stab: Paralysed         |       |       |     6 |       ||     6
  Eat: Chunk             |     2 |     9 |     8 |    14 ||    33
       Ration            |       |       |     2 |     2 ||     4
Armor: Robe              |     7 |     1 |    18 |    31 ||    57
Dodge: Dodged            |    20 |    23 |    72 |    95 ||   210
